 Dungeon Crawl Stone Soup version 0.31-a0-435-g2c6fae2916 (webtiles) character file.

Game seed: 9491687279730026039

87 lunkers the Ruffian (level 5, -5/41 HPs)
             Began as a Meteoran Shapeshifter on Aug 1, 2023.
             Slain by a gnoll
             ... wielding a +0 spear
              (6 damage)
             ... on level 2 of the Dungeon.
             The game lasted 00:01:21 (688 turns).

lunkers the Ruffian (Meteoran Shapeshifter)          Turns: 688, Time: 00:01:22

Health: -5/41      AC:  6    Str: 17    XL:     5   Next: 8%
Magic:  15/15      EV: 10    Int:  9    God:
Gold:   67         SH:  0    Dex: 16    Spells: 4/4 levels left

rFire   . .          .
                       - Unarmed
rCold   . . .        (no shield)
rNeg    . . .        e - +0 scale mail
rPois   .            (helmet currently unavailable)
rElec   .            (cloak currently unavailable)
rCorr   .            (gloves currently unavailable)
SInv    .            (boots currently unavailable)
Will    .....        (no amulet) Stlth
                     h - ring of magical power
HPRegen 0.26/turn    (no ring)
MPRegen 0.14/turn

%: no passive effects
@: beast-form, glowing
A: beast (slay +2), sense surroundings 1, otherworldly, glowing, explore regen
a: Begin Untransformation


You were on level 2 of the Dungeon.
You were a hulking beast.
You visited 1 branch of the dungeon, and saw 2 of its levels.

You collected 67 gold pieces.

Inventory:

Armour
 a - a +0 animal skin
 e - a +0 scale mail (worn)
Jewellery
 h - a ring of magical power (left hand)
Talismans
 c - a beast talisman (active)
Scrolls
 d - a scroll of enchant armour {unknown}
 f - a scroll of fear {unknown}
 g - a scroll of noise {unknown}
 k - a scroll of identify {unknown}
Potions
 b - a potion of lignification
 i - a potion of berserk rage {unknown}
 j - a potion of magic {unknown}
 l - a potion of curing {unknown}


   Skills:
 + Level 2.1 Fighting
 + Level 3.3 Dodging
 * Level 4.8 Unarmed Combat
 + Level 4.1 Shapeshifting


You had 4 spell levels left.
You didn't know any spells.
Your spell library was empty.

Dungeon Overview and Level Annotations

Branches:
Dungeon (2/15) Zot: 519

Altars:


Innate Abilities, Weirdness & Mutations

You are a hulking beast.
Your limbs bulge with bestial killing power. (Slay +2)
You passively map a small area around you.
You are easily found by Zot.
You glow in the dark.
You regain HP and MP as you explore.


Message History

The gnoll hits you but does no damage.
The gnoll hits you from afar with a +0 spear.
* * * LOW HITPOINT WARNING * * *
You closely miss the gnoll.
The gnoll is lightly wounded.
The gnoll hits you from afar with a +0 spear.
* * * LOW HITPOINT WARNING * * *
The gnoll barely misses you.
You hit the gnoll. You punch the gnoll, but do no damage.
The gnoll is severely wounded.
The gnoll hits you from afar with a +0 spear.
* * * LOW HITPOINT WARNING * * *
The gnoll closely misses you.
You hit the gnoll.
You kill the gnoll!
The gnoll hits you but does no damage.
You have reached level 5!
The gnoll hits you with a +0 spear.
* * * LOW HITPOINT WARNING * * *
Things that are here:
a +0 halberd; 16 gold pieces You hit the gnoll.
The gnoll is moderately wounded.
The gnoll hits you but does no damage.
You closely miss the gnoll.
The gnoll is moderately wounded.
The gnoll completely misses you.
You hit the gnoll.
The gnoll is almost dead.
The gnoll hits you with a +0 spear.
* * * LOW HITPOINT WARNING * * *
You completely miss the gnoll.
The gnoll is almost dead.
A gnoll comes into view. It is wielding a +0 whip.
The gnoll hits you but does no damage.
You barely miss the gnoll.
The gnoll is almost dead.
The gnoll shouts!
The gnoll hits you with a +0 spear.
You die...

#)#
#####..########.##
#.# #..# ### ,
#.#########..# #..
, #............#
#.# *
############.# #.#
#.# #.#
############.# #.#
)............# #.#
#####.##.##..# #h#
#####.##.##..###g#
................g#
#####.##.##.######
* #.##.##.##
#......#.## *
####..###.##
########.## ##.##
........## ##.#


You could see 2 gnolls.

Vanquished Creatures
  2 gnolls (D:2)
  3 adders (D:2)
  3 dart slugs
  2 ball pythons (D:2)
  6 endoplasms
  3 giant cockroaches
  A goblin (D:1)
  3 hobgoblins
  5 bats
  A frilled lizard (D:2)
  5 kobolds
  3 rats (D:1)
37 creatures vanquished.

Notes
Turn   | Place    | Note
-------+----------+-------------------------------------------
     0 | D:1      | lunkers the Meteoran Shapeshifter began the quest for the
                  | Orb.
     0 | D:1      | Reached XP level 1. HP: 16/16 MP: 2/2
   127 | D:1      | Reached XP level 2. HP: 22/23 MP: 3/3
   399 | D:1      | Reached XP level 3. HP: 26/28 MP: 4/4
   611 | D:2      | Reached XP level 4. HP: 23/36 MP: 5/5
   683 | D:2      | Reached XP level 5. HP: 7/41 MP: 6/6
   686 | D:2      | HP: 1/41 [gnoll/+0 spear (4)]
   688 | D:2      | Slain by a gnoll

Illustrated notes

Levels and vault maps discovered:
D:1:      zelgadis_glass_arrival_small, layout_basic
D:2:      layout_loops_ring, st_stairs_13, minmay_hexomino_c4

Skill      XL: |  1  2  3  4 |
---------------+-------------+-----
Unarmed Combat | 4 |  4.8
Dodging        | 3 |  3.3
Shapeshifting  | 4 |  4.1
Fighting       | 2 |  2.1

Action                     |  1- 3 |  4- 6 || total
---------------------------+-------+-------++-------
  Melee: Unarmed           |    65 |    35 ||   100
         Punch             |     4 |     1 ||     5
 Armour: Scale mail        |    48 |    13 ||    61
  Dodge: Dodged            |    27 |    12 ||    39

Table legend: (Time is in decaauts)
 A = Elapsed time spent in this place.
 B = Non-inter-level travel time spent in this place.
 C = Inter-level travel time spent in this place.
 D = Time resting spent in this place.
 E = Time spent auto-exploring this place.
 F = Levels seen in this place.
 G = Mean time per level.
                   A        B        C        D        E       F      G
               +--------+--------+--------+--------+--------+-----+--------+
         Total |    680 |    640 |     40 |      0 |    384 |   2 |  340.0 |
       Dungeon |    680 |    640 |     40 |      0 |    384 |   2 |  340.0 |
               +--------+--------+--------+--------+--------+-----+--------+

Top non-repeatable levels by time:
     D:1: 414 daAuts
     D:2: 266 daAuts
